 Dungeon Crawl Stone Soup version 0.32-a0-520-g344ed53f66 (webtiles) character file.

Game seed: 12182187723463289451

732 javelincjr the Trooper (level 7, 0/54 HPs)
             Began as a Demonspawn Warper on Feb 27, 2024.
             Was a Follower of Beogh.
             Slain by a white imp (4 damage)
             ... on level 5 of the Dungeon.
             The game lasted 00:15:42 (4791 turns).

javelincjr the Trooper (Demonspawn Warper)          Turns: 4791, Time: 00:15:42

Health: 0/54       AC:  3    Str: 12      XL:     7   Next: 45%
Magic:  11/11      EV:  2    Int: 13      God:    Beogh [*.....]
Gold:   168        SH:  0    Dex:  0 (16) Spells: 8/12 levels left

rFire   . . .        A - +1 spear
rCold   . . .        (no shield)
rNeg    . . .        b - +0 leather armour
rPois   .            (helmet restricted)
rElec   +            m - scarf {+Inv}
rCorr   .            (no gloves)
SInv    .            (no boots)
Will    .....        (no amulet) Stlth
                     (no ring)
HPRegen 0.29/turn    (no ring)
MPRegen 0.12/turn

%: no passive effects
@: slowed, lost dexterity, very slow
A: antennae 1, repulsion field 1, foul stench 2, talons 1, agile 1, electricity
resistance
a: Renounce Religion, Evoke Invisibility


You were on level 5 of the Dungeon.
You worshipped Beogh.
Beogh was aware of your devotion.
You visited 1 branch of the dungeon, and saw 5 of its levels.

You collected 168 gold pieces.

Inventory:

Hand Weapons
 a - a +0 hand axe
 k - a +1 falchion of electrocution
 l - a +0 sling
 y - a +0 war axe
 A - a +1 spear (weapon)
Missiles
 d - 7 darts of dispersal
 e - 3 boomerangs
 s - 10 poisoned darts (quivered)
 v - 12 stones
Armour
 b - a +0 leather armour (worn)
 g - a +0 ring mail
 m - a scarf of invisibility (worn)
Jewellery
 i - an amulet of faith
Wands
 n - a wand of paralysis (10)
 t - a wand of acid (1)
 x - a wand of polymorph (17)
Scrolls
 c - a scroll of blinking
Potions
 j - a potion of haste
 o - a potion of might
 p - a potion of cancellation
 q - 2 potions of attraction
 r - a potion of mutation


   Skills:
 * Level 4.2 Fighting
 - Level 1.8(2.3) Axes
 + Level 2.1(2.5) Polearms
 - Level 1.0 Throwing
 + Level 2.3 Armour
 + Level 2.8 Dodging
 + Level 2.1 Stealth
 + Level 3.0 Spellcasting
 + Level 3.6 Translocations
 + Level 2.5 Invocations
 + Level 2.3 Evocations


You had 8 spell levels left.
You knew the following spells:

 Your Spells              Type           Power      Damage    Failure   Level
a - Blink                 Tloc           22%        N/A       10%         2
b - Lesser Beckoning      Tloc           22%        N/A       10%         2

Your spell library contained the following spells:

 Spells                   Type           Power      Damage    Failure   Level
 Teleport Other           Tloc           11%        N/A       21%         3
 Manifold Assault         Tloc           11%        N/A       54%         4
 Vhi's Electric Charge    Tloc/Air       12%        N/A       80%         4


Dungeon Overview and Level Annotations

Branches:
Dungeon (5/15)             Temple (0/1) D:4

Altars:
Ashenzari
Gozag
Hepliaklqana
Okawaru
Sif Muna
Vehumet
Xom

Annotations:
D:4 1 transporter, ytrimaz's ghost, amateur OpSh


Innate Abilities, Weirdness & Mutations

You have a pair of small antennae on your head.
You are surrounded by a mild repulsion field. (EV +2)
You sometimes emit foul miasma when damaged in melee.
You have sharp toenails.
You are agile. (Dex +4, Str/Int -1)
You are resistant to electric shocks. (rElec)


Message History

Found 7 gold pieces.
The white imp shouts, "Slither hence, thou currish fen-sucked harpy!"
A - a +1 spear (weapon)
The white imp gestures at you. The puff of frost hits you!
The white imp gestures at you. The puff of frost hits you!
You barely miss the white imp. Your kick misses the white imp.
The white imp hits you. The white imp freezes you.
You barely miss the white imp.
The white imp hits you but does no damage. x2
You closely miss the white imp. Your kick misses the white imp.
The white imp gestures at you. The puff of frost hits you!
You are too injured to fight recklessly!
You are too injured to fight recklessly!
You are too injured to fight recklessly!
You are too injured to fight recklessly!
You closely miss the white imp. The white imp hits you.
The white imp freezes you.
The white imp hits you but does no damage.
You hit the white imp. Your kick misses the white imp.
The white imp is lightly wounded.
The white imp hits you. The white imp freezes you.
You hit the white imp. Your kick misses the white imp.
The white imp is heavily wounded.
The white imp hits you.
* * * LOW HITPOINT WARNING * * *
The white imp freezes you.
* * * LOW HITPOINT WARNING * * *
You hit the white imp. Your kick misses the white imp.
The white imp is almost dead.
The white imp hits you.
* * * LOW HITPOINT WARNING * * *
The white imp freezes you.
* * * LOW HITPOINT WARNING * * *
The white imp hits you.
* * * LOW HITPOINT WARNING * * *
The white imp freezes you.
You die...

#.P ....... #[. .#
......# . .. ... ...
#.....#.# .# ...
...###.....#.# ..
... ............. .#
...
...........###..# #.
..[
.......5.....#..#...
...
.......@.#.........#
...
...$......#.<##.....
#..
....../...#.........
#..
##...####.....#.....
.. .............##
.... .
....................
........)...........
.
....................
.. ......?..#.##....


You could see a white imp.

Vanquished Creatures
  Grinder (D:3)
  An ogre (D:4)
  A scorpion (D:4)
  A bombardier beetle (D:3)
  2 quasits (D:4)
  A hound (D:4)
  Ijyb (D:3)
  Jessica (D:3)
  An iguana (D:4)
  4 gnolls (D:5)
  3 adders
  4 shadow imps (D:4)
  5 ufetubi (D:5)
  3 ribbon worms
  5 orcs
  2 ball pythons
  4 bats
  4 endoplasms
  8 goblins
  2 hobgoblins
  2 jackals (D:4)
  3 kobolds
  5 quokkas
  A frilled lizard (D:3)
  2 rats (D:3)
67 creatures vanquished.

Vanquished Creatures (others)
  An orc priest (D:3)
1 creature vanquished.

Grand Total: 68 creatures vanquished

Notes
Turn   | Place    | Note
-------+----------+-------------------------------------------
     0 | D:1      | javelincjr the Demonspawn Warper began the quest for the
                  | Orb.
     0 | D:1      | Reached XP level 1. HP: 16/16 MP: 3/3
    58 | D:1      | Reached skill level 1 in Throwing
   126 | D:1      | Reached skill level 1 in Armour
   207 | D:1      | Gained mutation: You are surrounded by a mild repulsion
                  | field. (EV +2) [demonic ancestry]
   207 | D:1      | Reached XP level 2. HP: 22/22 MP: 5/5
   543 | D:1      | Learned a level 2 spell: Blink
   546 | D:1      | Learned a level 2 spell: Lesser Beckoning
  1198 | D:2      | Gained mutation: You may rarely emit foul miasma when
                  | damaged in melee. [demonic ancestry]
  1198 | D:2      | Reached XP level 3. HP: 20/28 MP: 6/6
  1553 | D:3      | Found a broken altar of Ashenzari.
  1572 | D:3      | Became a worshipper of Beogh the Shepherd
  1608 | D:3      | Found a radiant altar of Vehumet.
  1609 | D:3      | Found a shimmering blue altar of Sif Muna.
  1612 | D:3      | Found a hazy altar of Hepliaklqana.
  1613 | D:3      | Found an opulent altar of Gozag.
  1615 | D:3      | Found an iron altar of Okawaru.
  1858 | D:3      | Found a shimmering altar of Xom.
  2110 | D:3      | Noticed Jessica
  2117 | D:3      | Killed Jessica
  2118 | D:3      | Reached skill level 1 in Polearms
  2118 | D:3      | Reached XP level 4. HP: 34/34 MP: 7/7
  2326 | D:3      | Noticed Ijyb
  2330 | D:3      | Paralysed by Ijyb for 2 turns
  2335 | D:3      | Paralysed by Ijyb for 4 turns
  2348 | D:3      | Killed Ijyb
  2349 | D:3      | Reached skill level 1 in Stealth
  2417 | D:3      | Reached skill level 3 in Fighting
  2417 | D:3      | Reached skill level 1 in Evocations
  2417 | D:3      | Gained mutation: You sometimes emit foul miasma when
                  | damaged in melee. [demonic ancestry]
  2417 | D:3      | Reached XP level 5. HP: 41/41 MP: 8/8
  2504 | D:3      | Noticed Grinder
  2506 | D:3      | Paralysed by Grinder for 5 turns
  2522 | D:3      | Paralysed by Grinder for 4 turns
  2529 | D:3      | Paralysed by Grinder for 3 turns
  2532 | D:3      | Killed Grinder
  2533 | D:3      | Reached skill level 1 in Invocations
  2533 | D:3      | Reached XP level 6. HP: 18/47 MP: 8/10
  2950 | D:4      | Found a staircase to the Ecumenical Temple.
  3072 | D:4      | Found a transporter.
  3074 | D:4      | Noticed ytrimaz's ghost (amateur OpSh)
  3281 | D:4      | Gained mutation: You are resistant to electric shocks.
                  | (rElec) [potion of mutation]
  3281 | D:4      | Gained mutation: You are agile. (Dex +4, Str/Int -1)
                  | [potion of mutation]
  3281 | D:4      | Gained mutation: You have sharp toenails. [potion of
                  | mutation]
  3302 | D:4      | Gained mutation: You have a pair of small antennae on your
                  | head. [demonic ancestry]
  3302 | D:4      | Reached XP level 7. HP: 26/53 MP: 11/11
  3718 | D:4      | Reached * piety under Beogh
  3975 | D:5      | Entered Level 5 of the Dungeon
  3991 | D:4      | Reached skill level 4 in Fighting
  4558 | D:4      | Lost dexterity.
  4791 | D:5      | Slain by a white imp

Illustrated notes

Levels and vault maps discovered:
D:1:      dpeg_arrival_tiny_j, layout_basic
D:2:      layout_loops_cross
D:3:      layout_basic, minitemple, regret_index_xom_buried_treasure,
          reono_crystal_passage, minmay_misc_feat_ornament, uniq_ijyb,
          uniq_jessica, uniq_grinder
D:4:      layout_loops_ring, minmay_temple_entry_mist,
          gammafunk_ghost_mausoleum, nicolae_the_louvre
D:5:      layout_cave_pools, nemelex_xobeh_ov_fountains_minmay, serial_demonic,
          serial_demonic_g, serial_demonic_c, serial_demonic_b,
          serial_demonic_d, serial_demonic_e, serial_demonic_a,
          serial_demonic_d, serial_demonic_g, serial_demonic_d, serial_demonic_e

Skill      XL: |  1  2  3  4  5  6  7 |
---------------+----------------------+-----
Throwing       | 1 |  1.0
Armour         | 1 2 |  2.3
Dodging        | 2 |  2.8
Polearms       | 1 2 |  2.1
Translocations | 3 |  3.6
Stealth        | 1 2 |  2.1
Fighting       | 3 4 |  4.2
Evocations     | 1 2 |  2.3
Invocations    | 1 2 |  2.5
Spellcasting   | 3 |  3.0
Axes           | |  1.8

Action                     |  1- 3 |  4- 6 |  7- 9 || total
---------------------------+-------+-------+-------++-------
  Melee: Hand axe          |    55 |       |       ||    55
         Falchion          |    45 |    61 |       ||   106
         War axe           |       |    30 |    89 ||   119
         Kick              |       |     5 |    31 ||    36
         Spear             |       |       |    47 ||    47
  Throw: Dart              |     9 |       |       ||     9
   Cast: Blink             |       |       |     3 ||     3
 Invoke: Convert to Beogh  |     1 |       |       ||     1
  Evoke: Wand              |       |     2 |     5 ||     7
    Use: Scroll            |       |     4 |     5 ||     9
         Potion            |       |     1 |     1 ||     2
   Stab: Paralysed         |       |    10 |     3 ||    13
         Sleeping          |       |     3 |     1 ||     4
 Armour: Leather armour    |    64 |    54 |   233 ||   351
  Dodge: Dodged            |    87 |    56 |   242 ||   385

Table legend: (Time is in decaauts)
 A = Elapsed time spent in this place.
 B = Non-inter-level travel time spent in this place.
 C = Inter-level travel time spent in this place.
 D = Time resting spent in this place.
 E = Time spent auto-exploring this place.
 F = Levels seen in this place.
 G = Mean time per level.
                   A        B        C        D        E       F      G
               +--------+--------+--------+--------+--------+-----+--------+
         Total |   5000 |   4840 |    160 |    576 |   3319 |   5 | 1000.0 |
       Dungeon |   5000 |   4840 |    160 |    576 |   3319 |   5 | 1000.0 |
               +--------+--------+--------+--------+--------+-----+--------+

Top non-repeatable levels by time:
     D:4: 1746 daAuts
     D:3: 1661 daAuts
     D:2: 774 daAuts
     D:1: 565 daAuts
     D:5: 252 daAuts
